Map: Ruins of Endion

Players

ShoWTimE

  • Race: Protoss Protoss
  • League: Grandmaster

SortOf - Winner!

  • Race: Zerg Zerg
  • League: Platinum

Event: DreamHack Open Tours WCS Spring Championship

VOD

https://www.youtube.com/watch?v=zskdA17F9aE

Description

Time

  • Played on: May 14, 2016, 11:19 a.m.
  • Length: 15:25

All games in this series

Show
View Real Time Build Order
Export as new Build Order

ShoWTimE Protoss 

Build Orders:  

Get SALT Encoding   

  12  0:00  Probe (Chrono Boost)  
  13  0:11  Probe (Chrono Boost)  
  14  0:20  Pylon  
  14  0:21  Probe (Chrono Boost)  
  15  0:38  Probe (Chrono Boost), Gateway  
  16  0:43  Assimilator  
  16  0:49  Probe (Chrono Boost)  
  17  0:59  Probe (Chrono Boost)  
  18  1:10  Probe (Chrono Boost)  
  19  1:11  Pylon  
  19  1:20  Probe (Chrono Boost)  
  19  1:25  Zealot (Chrono Boost)  
  22  1:28  Cybernetics Core  
  22  1:31  Probe  
  23  1:43  Probe  
  24  1:57  Nexus  
  24  2:11  Mothership Core (Chrono Boost)  
  24  2:15  Adept  
  27  2:21  Warp Gate  
  25  2:39  Probe (Chrono Boost)  
  26  2:49  Probe (Chrono Boost)  
  26  2:51  Assimilator  
  27  3:00  Probe (Chrono Boost)  
  28  3:06  Pylon  
  28  3:10  Probe (Chrono Boost)  
  28  3:11  Probe (Chrono Boost)  
  30  3:21  Probe (Chrono Boost)  
  30  3:22  Probe (Chrono Boost)  
  32  3:31  Probe (Chrono Boost)  
  32  3:33  Probe (Chrono Boost)  
  31  3:42  Probe (Chrono Boost)  
  31  3:43  Probe (Chrono Boost)  
  33  3:50  Stargate  
  33  3:52  Probe (Chrono Boost)  
  33  3:54  Probe (Chrono Boost)  
  35  4:03  Probe (Chrono Boost)  
  35  4:04  Probe (Chrono Boost)  
  37  4:13  Probe (Chrono Boost)  
  37  4:15  Probe (Chrono Boost)  
  39  4:17  Gateway  
  39  4:19  Gateway  
  40  4:24  Probe (Chrono Boost)  
  40  4:25  Probe (Chrono Boost)  
  41  4:33  Probe (Chrono Boost), Oracle (Chrono Boost)  
  41  4:36  Probe  
  41  4:37  Pylon  
  46  4:43  Probe  
  47  4:48  Probe  
  48  4:54  Probe  
  49  5:00  Probe  
  49  5:03  Nexus  
  49  5:04  Probe  
  49  5:05  Phoenix (Chrono Boost)  
  53  5:10  Pylon  
  53  5:12  Probe  
  54  5:15  Probe  
  54  5:18  Assimilator  
  55  5:22  Assimilator  
  55  5:24  Probe  
  55  5:25  Probe  
  57  5:30  Twilight Council  
  57  5:32  Forge  
  57  5:34  Sentry x3  
  63  5:36  Probe x2  
  65  5:43  Pylon  
  65  5:47  Probe  
  65  5:48  Probe  
  67  5:58  Probe, Protoss Ground Weapons Level 1 (Chrono Boost)  
  67  6:00  Probe, Robotics Facility  
  69  6:07  Blink  
  69  6:10  Probe  
  70  6:12  Probe  
  70  6:17  Probe  
  72  6:19  Pylon  
  72  6:22  Probe  
  72  6:25  Probe  
  74  6:27  Probe  
  74  6:29  Gateway  
  74  6:32  Gateway  
  75  6:33  Assimilator  
  75  6:34  Probe, Gateway  
  75  6:35  Assimilator  
  75  6:38  Probe x2  
  78  6:46  Probe  
  79  6:47  Gateway  
  79  6:49  Probe, Observer (Chrono Boost), Gateway  
  79  6:50  Probe  
  82  6:58  Probe, Sentry x3  
  89  7:05  Probe, Pylon  
  89  7:08  Robotics Bay  
  90  7:11  Robotics Facility  
  90  7:20  Pylon  
  90  7:22  Pylon  
  90  7:23  Pylon  
  90  7:25  Pylon  
  90  7:26  Immortal (Chrono Boost)  
  90  7:27  Pylon  
  94  7:31  Stalker x2  
  98  7:38  Stalker  
  98  7:42  Photon Cannon  
  100  7:51  Stalker x2  
  102  7:52  Stalker x3  
  110  7:58  Disruptor (Chrono Boost)  
  110  7:59  Disruptor (Chrono Boost)  
  110  8:04  Protoss Ground Weapons Level 2  
  116  8:10  Stalker x3  
  120  8:13  Photon Cannon  
  120  8:23  Pylon  
  120  8:24  Zealot x4  
  128  8:27  Pylon  
  128  8:33  Disruptor (Chrono Boost)  
  131  8:38  Photon Cannon, Disruptor (Chrono Boost)  
  134  9:00  Nexus  
  134  9:02  Stalker x2  
  136  9:03  Pylon, Stalker x3  
  136  9:06  Disruptor (Chrono Boost)  
  147  9:14  Pylon  
  150  9:17  Disruptor (Chrono Boost)  
  150  9:28  Stalker x3  
  150  9:29  Stalker  
  150  9:30  Pylon  
  158  9:39  Stalker x3  
  139  10:14  Phoenix  
  139  10:16  Nexus  
  139  10:19  Pylon x2  
  139  10:21  Pylon  
  141  10:22  Stalker  
  141  10:23  Stalker x3  
  149  10:29  Pylon  
  149  10:38  Stalker x3  
  149  10:41  Protoss Ground Weapons Level 3  
  155  10:47  Phoenix  
  156  10:56  Pylon  
  156  10:57  Pylon  
  156  10:58  Pylon  
  156  11:00  Pylon  
  156  11:01  Charge  
  156  11:03  Pylon  
  156  11:05  Pylon  
  156  11:06  Assimilator  
  156  11:12  Assimilator  
  156  11:13  Pylon  
  156  11:15  Phoenix  
  158  11:25  Zealot x3  
  162  11:26  Zealot x4  
  172  11:34  Photon Cannon  
  172  11:36  Dark Shrine  
  172  11:38  Zealot  
  175  11:47  Observer (Chrono Boost)  
  175  11:48  Zealot x2  
  178  12:10  Zealot x3  
  178  12:11  Zealot x3  
  190  12:16  Photon Cannon  
  190  12:19  Photon Cannon  
  190  12:20  Photon Cannon  
  190  12:26  Templar Archives  
  190  12:29  Pylon  
  187  12:49  Pylon  
  169  12:51  Zealot, Dark Templar x2  
  169  12:52  Zealot x3  
  181  12:59  Zealot  
  183  13:12  Observer (Chrono Boost)  
  184  13:13  High Templar x2  
  184  13:14  High Templar  
  190  13:25  Psionic Storm  
  190  13:30  High Templar  
  192  13:35  Dark Templar  
  192  13:36  Dark Templar  
  196  14:00  Nexus  
  188  14:27  Stalker x4  
  189  14:52  Nexus  
  189  14:54  Pylon  
  182  15:08  Pylon x2  
  182  15:10  Pylon  
Show
View Real Time Build Order
Export as new Build Order

SortOf Zerg - Winner!

Build Orders: Pool First, Lurkers 

Get SALT Encoding   

  12  0:00  Drone  
  13  0:22  Spawning Pool  
  13  0:25  Drone  
  13  0:30  Drone  
  14  0:38  Overlord  
  14  1:08  Zergling x2  
  14  1:09  Zergling x4  
  17  1:16  Hatchery  
  16  1:19  Zergling x2  
  17  1:27  Queen  
  17  1:31  Zergling x2  
  20  1:41  Zergling x2  
  21  1:52  Overlord  
  21  2:02  Drone  
  22  2:13  Drone  
  23  2:17  Queen  
  24  2:31  Drone x2  
  24  2:36  Drone  
  24  2:40  Drone  
  25  2:46  Drone  
  26  2:56  Drone x4  
  30  2:59  Hatchery  
  30  3:01  Drone  
  30  3:07  Drone  
  30  3:12  Queen  
  31  3:17  Overlord  
  33  3:21  Drone x2  
  33  3:25  Drone  
  36  3:30  Overlord  
  36  3:33  Overlord  
  36  3:38  Drone x2  
  36  3:39  Drone  
  37  3:45  Drone x2  
  39  3:49  Drone  
  39  3:51  Extractor x2  
  39  3:52  Drone x2  
  40  3:57  Drone  
  40  3:58  Drone x2  
  43  4:05  Drone  
  43  4:08  Overlord  
  44  4:12  Drone x4  
  48  4:19  Spore Crawler, Drone  
  48  4:20  Drone  
  49  4:25  Overlord  
  49  4:26  Drone  
  49  4:27  Drone  
  49  4:28  Drone x2  
  54  4:34  Evolution Chamber, Lair  
  53  4:44  Overlord  
  53  4:46  Roach Warren  
  53  4:50  Drone x3  
  53  4:52  Overlord  
  55  4:53  Zergling x4  
  55  4:54  Zergling x2  
  55  4:57  Metabolic Boost  
  55  4:59  Drone  
  59  5:02  Extractor, Drone x3  
  59  5:05  Drone x2  
  63  5:07  Drone  
  63  5:10  Zerg Missile Weapons Level 1  
  64  5:15  Spore Crawler  
  64  5:20  Drone x3  
  64  5:21  Drone x2  
  68  5:25  Overlord  
  68  5:27  Drone x4  
  72  5:33  Extractor  
  72  5:34  Overlord  
  72  5:35  Overlord, Hydralisk Den  
  71  5:37  Overseer  
  71  5:41  Extractor  
  71  5:42  Extractor  
  68  5:43  Zergling x12  
  68  5:47  Drone x3  
  68  5:48  Drone  
  68  5:49  Spore Crawler  
  77  5:56  Drone x3  
  76  6:00  Spore Crawler  
  76  6:03  Drone x2  
  77  6:06  Overlord  
  77  6:08  Overlord  
  77  6:10  Overlord  
  77  6:12  Hydralisk x2  
  77  6:14  Muscular Augments  
  81  6:21  Drone x3  
  85  6:25  Drone x2  
  85  6:27  Hydralisk  
  85  6:29  Infestation Pit  
  85  6:31  Hydralisk x2  
  91  6:32  Hydralisk  
  91  6:38  Overseer  
  93  6:41  Drone  
  93  6:42  Overlord  
  93  6:43  Hydralisk x3  
  100  6:48  Overlord  
  100  6:54  Hydralisk x2  
  100  6:55  Hydralisk x2  
  108  7:02  Hatchery  
  107  7:11  Hydralisk x4  
  115  7:16  Drone x4  
  115  7:22  Overlord  
  119  7:26  Lurker Den  
  119  7:28  Overlord  
  119  7:30  Hydralisk x3  
  119  7:31  Hydralisk  
  127  7:41  Drone  
  127  7:42  Drone x2  
  130  7:46  Overlord, Hydralisk, Extractor  
  130  7:47  Hydralisk  
  133  7:59  Drone  
  133  8:00  Spire, Drone  
  133  8:01  Overlord, Extractor  
  133  8:08  Hydralisk x4  
  133  8:10  Overlord  
  141  8:17  Overlord  
  141  8:19  Pneumatized Carapace  
  139  8:21  Overlord  
  140  8:29  Zerg Melee Weapons Level 1, Drone  
  140  8:30  Drone  
  140  8:32  Zergling x2  
  140  8:33  Zergling x22  
  154  8:43  Overlord  
  154  8:48  Overseer  
  154  8:53  Lurker  
  154  8:54  Lurker x7  
  162  8:58  Zergling x26  
  162  8:59  Zergling x6  
  177  9:13  Zergling x2  
  177  9:14  Zergling x12  
  184  9:22  Lurker, Spore Crawler  
  184  9:23  Lurker x4  
  188  9:27  Zergling x6  
  188  9:28  Zergling x14  
  193  9:45  Zergling x16  
  185  9:56  Hydralisk x2  
  185  9:57  Hydralisk x2  
  176  10:16  Zergling x16  
  184  10:25  Overlord  
  184  10:29  Zergling x6  
  182  10:36  Lurker  
  182  10:37  Lurker x8  
  182  10:39  Hive  
  182  10:41  Zerg Melee Weapons Level 2  
  182  10:42  Spire  
  190  10:45  Evolution Chamber  
  183  11:05  Spine Crawler  
  183  11:07  Zergling x18  
  183  11:08  Zergling x2  
  192  11:24  Overlord  
  192  11:28  Hatchery  
  191  11:37  Overlord  
  191  11:45  Zerg Ground Armor Level 1  
  191  11:50  Spore Crawler  
  191  11:51  Viper x2  
  191  11:52  Adrenal Glands  
  193  12:17  Greater Spire  
  190  12:25  Spore Crawler  
  190  12:26  Spore Crawler  
  179  12:39  Viper, Corruptor  
  179  12:40  Corruptor x9  
  174  12:55  Corruptor x3  
  174  12:56  Drone x4  
  174  12:58  Drone x2  
  186  13:02  Overseer  
  186  13:12  Overlord  
  186  13:16  Extractor  
  185  13:24  Extractor x2  
  183  13:30  Brood Lord x2  
  183  13:31  Brood Lord x4  
  183  13:32  Brood Lord  
  195  13:39  Spine Crawler  
  195  13:40  Spore Crawler  
  193  13:42  Overlord  
  193  13:45  Brood Lord x2  
  197  13:50  Spine Crawler  
  193  13:59  Brood Lord  
  193  14:00  Brood Lord  
  197  14:15  Brood Lord  
  199  14:24  Overseer x4  
  188  14:27  Zergling x22  
  189  14:40  Ultralisk Cavern  
  188  14:49  Hatchery  
  174  14:53  Zergling x6  
  174  14:54  Zergling x42  
  174  14:59  Brood Lord  

Tags
 
Add a new tag
Caveats
  • Supply blocks, unpowered buildings, or Contaminate may cause inaccurate times.
  • Supply counts are checked every 10 seconds.